 Dungeon Crawl Stone Soup version 0.25.1-2-g60ff931df9 (webtiles) character file.

Game seed: 1329033739147681444

417 Descartes the Magician (level 6, 0/32 HPs)
             Began as a Deep Elf Wizard on Aug 9, 2020.
             Killed from afar by an orc wizard (5 damage)
             ... with a magic dart
             ... on level 4 of the Dungeon.
             The game lasted 00:11:49 (5121 turns).

Descartes the Magician (Deep Elf Wizard)            Turns: 5121, Time: 00:11:50

Health: 0/32       AC:  5    Str:  4    XL:     6   Next: 61%
Magic:  1/15       EV: 14    Int: 25    God:
Gold:   142        SH:  0    Dex: 13    Spells: 6/15 levels left

rFire    . . .     SeeInvis .   p - +1 dagger (drain)
rCold    . . .     Gourm    .   (no shield)
rNeg     + . .     Faith    .   a - +0 robe
rPois    .         Spirit   .   h - +1 helmet
rElec    .         Reflect  .   t - +0 cloak
rCorr    .         Harm     .   (no gloves)
MR       .....                  (no boots)
Stlth    +++.......             (no amulet)
HPRegen  0.10/turn              n - ring of positive energy
MPRegen  0.14/turn              (no ring)

@: very slightly contaminated, invisible
A: no striking features
a: no special abilities


You were on level 4 of the Dungeon.
You were hungry.

You visited 1 branch of the dungeon, and saw 4 of its levels.

You collected 142 gold pieces.

Inventory:

Hand Weapons
 f - a +0 dagger
 k - a +0 shortbow
 p - a +1 dagger of draining (weapon)
 q - a +0 quarterstaff
 y - a +0 whip of pain
Missiles
 e - 156 stones (quivered)
 j - 17 sling bullets
 s - 5 boomerangs
 w - a throwing net
Armour
 a - a +0 robe (worn)
 b - a +0 hat
 h - a +1 helmet (worn)
 t - a +0 cloak (worn)
Jewellery
 n - a ring of positive energy (left hand)
Wands
 o - a wand of random effects (20)
Scrolls
 u - a scroll of magic mapping
 z - 3 scrolls of enchant armour
Potions
 c - a potion of invisibility
 g - 2 potions of might
 i - a potion of brilliance
 l - a potion of haste
 m - a potion of lignification
 r - a potion of mutation {unknown}
 v - a potion of flight {unknown}
 B - a potion of experience {unknown}
Comestibles
 d - 6 rations


   Skills:
 + Level 4.6 Dodging
 + Level 4.9 Stealth
 - Level 5.0 Spellcasting
 + Level 3.6 Conjurations
   Level 1.1 Summonings
 + Level 2.2 Translocations
 + Level 1.7 Fire Magic
 + Level 1.5 Air Magic


You had 6 spell levels left.
You knew the following spells:

 Your Spells              Type           Power        Failure   Level  Hunger
a - Magic Dart            Conj           ###.         1%          1    None
b - Blink                 Tloc           N/A          4%          2    None
c - Conjure Flame         Conj/Fire      ###.....     9%          3    ##.....
d - Mephitic Cloud        Conj/Pois/Air  ##......     12%         3    ##.....

Your spell library contained the following spells:

 Spells                   Type           Power        Failure   Level  Hunger
 Call Imp                 Summ           ##......     8%          2    None
 Slow                     Hex            #.......     12%         2    None


Dungeon Overview and Level Annotations

Branches:
Dungeon (4/15)
 Temple: D:4-7

Altars:
Okawaru
Ru

Annotations:
D:3 Terence


Message History

You closely miss the orc wizard.
The orc wizard is moderately wounded.
The orc wizard barely misses you.
You hit the orc wizard.
The orc wizard is heavily wounded.
The orc wizard closely misses you. x2
You hit the orc wizard.
The orc wizard is heavily wounded.
The orc wizard misses you.
You hit the orc wizard. You drain the orc wizard.
The orc wizard is almost dead.
You closely miss the orc wizard.
The orc wizard is almost dead.
The orc wizard gestures at you while chanting.
You easily resist.
You barely miss the orc wizard.
The orc wizard is almost dead.
The orc wizard casts a spell at you. The magic dart hits you.
You die...

...#....#.#####...
#........#.......
#...#............
#...###..#.......
#....##..#####... #
#......# . #.##.##.##
#.......# ####@#### .#
#o##########.##
#.####o............##
..........####.......#
##.##................###
#....[..##.........
#.......##.......#
###.........##.#.#
#...#####.o..).#


You could see an orc wizard (fast, drained) and an orc.

Vanquished Creatures
  An ogre (D:3)
  A hound (D:3)
  An orc priest (D:3)
  2 orc wizards
  8 gnolls
  2 adders (D:2)
  An ooze (D:3)
  An adder skeleton (D:3)
  4 worms
  4 dart slugs
  A leopard gecko (D:3)
  11 orcs
  A ball python (D:1)
  3 giant cockroaches
  11 goblins
  8 hobgoblins
  6 jackals
  7 bats
  6 frilled lizards
  11 kobolds
  7 rats
97 creatures vanquished.

Notes
Turn   | Place    | Note
-------+----------+-------------------------------------------
     0 | D:1      | Descartes the Deep Elf Wizard began the quest for the Orb.
     0 | D:1      | Reached XP level 1. HP: 10/10 MP: 7/7
   179 | D:1      | Reached XP level 2. HP: 15/15 MP: 3/9
   851 | D:1      | Reached XP level 3. HP: 19/19 MP: 1/11
  1941 | D:2      | Reached skill level 5 in Spellcasting
  2161 | D:2      | Found an iron altar of Okawaru.
  2514 | D:3      | Reached XP level 4. HP: 24/24 MP: 11/13
  3013 | D:3      | Noticed an ogre
  3256 | D:3      | Found a sacrificial altar of Ru.
  3309 | D:2      | Reached XP level 5. HP: 11/28 MP: 4/14
  3496 | D:2      | Learned a level 2 spell: Blink
  3500 | D:2      | Learned a level 3 spell: Conjure Flame
  3504 | D:2      | Learned a level 3 spell: Mephitic Cloud
  3906 | D:3      | Killed an ogre
  3906 | D:3      | Reached skill level 1 in Fire Magic
  3946 | D:3      | Reached skill level 1 in Air Magic
  3946 | D:3      | Reached XP level 6. HP: 14/32 MP: 1/15
  4290 | D:3      | Noticed Terence
  5121 | D:4      | Killed from afar by an orc wizard

Illustrated notes

Levels and vault maps discovered:
D:1:      lemuel_arrival_lava_pool, layout_loops_ring, minmay_misc_feat_ornament
D:2:      layout_loops_cross, okawaru_ov_weapons_minmay
D:3:      layout_basic, first_ration, nicolae_ru_sacrificial_ziggurat,
          uniq_terence
D:4:      layout_loops_cross, minmay_temple_entry_junction, bloody_makhleb

Skill      XL: |  1  2  3  4  5  6 |
---------------+-------------------+-----
Stealth        | 3 4 |  4.9
Dodging        | 3 4 |  4.6
Conjurations   | 2 3 |  3.6
Spellcasting   | 5 |  5.0
Fire Magic     | 1 |  1.7
Air Magic      | 1 |  1.5
Translocations | 2 |  2.2
Summonings     | |  1.1

Action                   |  1- 3 |  4- 6 || total
-------------------------+-------+-------++-------
Melee: Unarmed           |     5 |       ||     5
       Dagger            |       |    11 ||    11
 Cast: Magic Dart        |   113 |   187 ||   300
       Blink             |       |     1 ||     1
  Use: Scroll            |     6 |     3 ||     9
       Potion            |       |     2 ||     2
  Eat: Chunk             |     5 |     7 ||    12
Armor: Robe              |     9 |     9 ||    18
Dodge: Dodged            |    21 |    78 ||    99
